 Dungeon Crawl Stone Soup version 0.31-a0-1627-g952d896 (webtiles) character file.

Game seed: 15668467507164940760

1563 PidgeyThePirate the Cutter (level 8, -2/61 HPs)
             Began as a Demonspawn Monk on Jan 12, 2024.
             Was a Priest of Nemelex Xobeh.
             Slain by a water moccasin (5 damage)
             ... on level 6 of the Dungeon.
             The game lasted 00:10:00 (4373 turns).

PidgeyThePirate the Cutter (Demonspawn Monk)        Turns: 4373, Time: 00:10:01

Health: -2/61      AC:  6    Str: 14    XL:     8   Next: 58%
Magic:  11/11      EV: 10    Int: 10    God:    Nemelex Xobeh [***...]
Gold:   332        SH:  5    Dex: 16    Spells: 7/7 levels left

rFire   . . .        m - +8 Vampire's Tooth {megavamp}
rCold   . . .        D - +0 buckler
rNeg    . . .        C - +0 scale mail
rPois   .            (no helmet)
rElec   .            (no cloak)
rCorr   .            (no gloves)
SInv    .            (no boots)
Will    +....        A - amulet of faith Stlth
                     l - ring of flight
HPRegen 0.30/turn    G - ring of willpower
MPRegen 0.12/turn

%: faith
@: flying, studying Shields
A: demonic guardian 1, powered by death 2
a: Renounce Religion, Draw Escape, Draw Destruction, Draw Summoning, Triple Draw


You were on level 6 of the Dungeon.
You worshipped Nemelex Xobeh.
Nemelex Xobeh was most pleased with you.
You visited 1 branch of the dungeon, and saw 7 of its levels.

You collected 332 gold pieces.

Inventory:

Hand Weapons
 a - a +0 short sword
 e - a +1 dagger of venom
 m - the +8 Vampire's Tooth (weapon) {megavamp}
   (You found it on level 2 of the Dungeon)
Armour
 b - a +0 robe
 d - an orb of light
 j - a +0 leather armour
 C - a +0 scale mail (worn)
 D - a +0 buckler (worn)
Jewellery
 l - a ring of flight (left hand)
 A - an amulet of faith (around neck)
 G - a ring of willpower (right hand)
Wands
 p - a wand of paralysis (24)
 q - a wand of iceblast (12)
 y - a wand of flame (12)
Scrolls
 f - 3 scrolls of revelation
 g - a scroll of vulnerability {unknown}
 i - a scroll of blinking {unknown}
 n - a scroll of enchant armour {unknown}
 o - 2 scrolls of noise {unknown}
 r - 4 scrolls of teleportation {unknown}
 s - 2 scrolls of fear {unknown}
 t - 2 scrolls of identify {unknown}
 v - 2 scrolls of poison {unknown}
 w - a scroll of immolation {unknown}
 x - a scroll of fog {unknown}
 z - 2 scrolls of amnesia {unknown}
 E - a scroll of silence {unknown}
 F - a scroll of summoning {unknown}
Potions
 h - a potion of curing
 k - 2 potions of might {unknown}
 u - a potion of enlightenment {unknown}
 B - a potion of attraction {unknown}


   Skills:
 + Level 4.6 Fighting
 * Level 7.5 Short Blades
 + Level 3.0 Armour
 + Level 3.7 Dodging
 + Level 0.8 Stealth
 * Level 3.2 Shields
 * Level 5.0 Invocations


You had 7 spell levels left.
You didn't know any spells.
Your spell library contained the following spells:

 Spells                   Type           Power      Damage    Failure   Level
 Shock                    Conj/Air       0%         1d3       91%         1
 Mercury Vapours          Alch/Air       0%         N/A       97%         2
 Gell's Gravitas          Tloc           0%         N/A       99%         3
 Mephitic Cloud           Conj/Alch/Air  0%         N/A       99%         3
 Summon Ice Beast         Ice/Summ       0%         N/A       99%         3
 Swiftness                Air            0%         N/A       99%         3
 Teleport Other           Tloc           0%         N/A       99%         3
 Airstrike                Air            0%         2d(0-16)  100%        4
 Freezing Cloud           Conj/Ice/Air   0%         6-21      100%        5
 Summon Mana Viper        Hex/Summ       0%         N/A       100%        5
 Dispersal                Tloc           0%         N/A       100%        6
 Monstrous Menagerie      Summ           0%         N/A       100%        7


Dungeon Overview and Level Annotations

Branches:
Dungeon (7/15)             Temple (0/1) D:6

Altars:
Cheibriados
Gozag
Kikubaaqudgha
Makhleb
Nemelex Xobeh
Ru
Sif Muna
Uskayaw

Shops:
D:6 (

Annotations:
D:5 3 runed translucent doors, wqsa789's ghost, amateur SpHu


Innate Abilities, Weirdness & Mutations

A weak demonic guardian rushes to your aid.
You regenerate health from kills.


Message History

The white imp gestures at you. The puff of frost hits you!
The iguana bites you.
* * * LOW HITPOINT WARNING * * *
You block the gnoll's attack.
You feel better. The water moccasin closely misses you.
The gnoll barely misses you. The kobold closely misses you.
The white imp gestures at you. The puff of frost hits you.
The iguana bites you. The gnoll closely misses you.
Unknown command.
You feel better. The water moccasin closely misses you.
The gnoll barely misses you. The kobold hits you but does no damage.
The water moccasin bites you.
You are poisoned.
The water moccasin poisons you!
The white imp hits you but does no damage.
You block the iguana's attack. The gnoll hits you with a +0 club.
As you read the scroll labelled ROOTET WONLU, it crumbles to dust.
You feel momentarily disoriented.
It was a scroll of revelation.
You feel very sick. The water moccasin bites you!
* * * LOW HITPOINT WARNING * * *
The gnoll hits you with a +0 club.
* * * LOW HITPOINT WARNING * * *
A demonic guardian appears!
The kobold barely misses you. The white imp hits you.
* * * LOW HITPOINT WARNING * * *
The white imp freezes you.
* * * LOW HITPOINT WARNING * * *
The iguana barely misses you. You block the gnoll's attack.
You feel better. The water moccasin bites you.
* * * LOW HITPOINT WARNING * * *
Your ufetubus hits the iguana but does no damage.
Your ufetubus hits the iguana. The kobold completely misses you.
The gnoll closely misses you. The iguana closely misses you.
The gnoll hits you with a +0 club.
* * * LOW HITPOINT WARNING * * *
The white imp hits you but does no damage.
The water moccasin bites you.
You die...
Your body disappears without a glow.

#.# ##...## #.###.### #.#
#######'########........
#.#
#######.########..##.##.
#.#
#######.########........
#.#
#######.########........
#.#
######...###########.###
#.####.....5.......# #.#
#.<.......gSl###.#.#####.#
######....g@5###.........#
##.....K)###.#.#######
##......#...##.#
#######........#
##########.########
#.......##.#######
#.#####.##.############ #
#.#####.##.####.......# #
#####.#####.##.####.#####.#


You could see a water moccasin, an iguana (ally target), 2 gnolls, a white imp,
a kobold and a friendly ufetubus (summoned).

Vanquished Creatures
  A wyvern (D:5)
  2 water moccasins (D:6)
  2 black bears (D:5)
  A centaur (D:6)
  A phantom (D:5)
  A gnoll sergeant (D:6)
  A scorpion (D:5)
  A howler monkey (D:4)
  A bombardier beetle (D:3)
  2 jellies
  3 orc priests
  A hound (D:4)
  2 orc wizards
  5 iguanas
  15 gnolls
  9 adders
  4 dart slugs
  12 orcs
  7 endoplasms
  3 giant cockroaches
  6 goblins
  5 hobgoblins
  10 jackals
  2 quokkas
  9 ball pythons
  7 bats
  2 frilled lizards
  5 kobolds
  3 rats
123 creatures vanquished.

Vanquished Creatures (collateral kills)
  An orc (D:4)
  A jackal (D:4)
2 creatures vanquished.

Vanquished Creatures (others)
  A rat (D:2)
1 creature vanquished.

Grand Total: 126 creatures vanquished

Notes
Turn   | Place    | Note
-------+----------+-------------------------------------------
     0 | D:1      | PidgeyThePirate the Demonspawn Monk began the quest for the
                  | Orb.
     0 | D:1      | Reached XP level 1. HP: 18/18 MP: 1/1
   171 | D:1      | Gained mutation: You regenerate a little health from kills.
                  | [demonic ancestry]
   171 | D:1      | Reached XP level 2. HP: 10/24 MP: 2/2
   266 | D:1      | Reached skill level 3 in Short Blades
   346 | D:1      | Reached skill level 1 in Invocations
   704 | D:2      | Reached XP level 3. HP: 29/29 MP: 3/3
   931 | D:2      | Found the +8 Vampire's Tooth {megavamp}
   979 | D:2      | Reached XP level 4. HP: 35/35 MP: 3/5
  1384 | D:3      | Reached skill level 1 in Armour
  1444 | D:3      | Gained mutation: A weak demonic guardian rushes to your
                  | aid. [demonic ancestry]
  1444 | D:3      | Reached XP level 5. HP: 41/41 MP: 6/6
  1556 | D:3      | Reached skill level 4 in Short Blades
  2398 | D:4      | Reached XP level 6. HP: 47/47 MP: 7/7
  2412 | D:4      | Reached skill level 5 in Short Blades
  2885 | D:5      | Entered Level 5 of the Dungeon
  2895 | D:5      | Found a runed translucent gate.
  2897 | D:5      | Found a runed translucent gate.
  2897 | D:5      | Noticed wqsa789's ghost (amateur SpHu)
  2899 | D:5      | Found a runed translucent gate.
  2943 | D:5      | Found an opulent altar of Gozag.
  2943 | D:5      | Found an ancient bone altar of Kikubaaqudgha.
  2944 | D:5      | Found a shimmering blue altar of Sif Muna.
  2946 | D:5      | Found a hide-covered altar of Uskayaw.
  2946 | D:5      | Found a sparkling altar of Nemelex Xobeh.
  2947 | D:5      | Found a sacrificial altar of Ru.
  2969 | D:5      | Found a snail-covered altar of Cheibriados.
  2969 | D:5      | Found a burning altar of Makhleb.
  3003 | D:5      | Reached XP level 7. HP: 53/53 MP: 9/9
  3020 | D:5      | Became a worshipper of Nemelex Xobeh the Trickster
  3020 | D:5      | Reached * piety under Nemelex Xobeh
  3020 | D:5      | Received a gift from Nemelex Xobeh
  3020 | D:5      | Reached ** piety under Nemelex Xobeh
  3261 | D:5      | Noticed a wyvern
  3265 | D:5      | Reached skill level 1 in Shields
  3271 | D:5      | Killed a wyvern
  3313 | D:5      | Reached skill level 6 in Short Blades
  3397 | D:5      | Gained mutation: You regenerate health from kills. [demonic
                  | ancestry]
  3397 | D:5      | Reached XP level 8. HP: 60/60 MP: 11/11
  3486 | D:5      | Received a gift from Nemelex Xobeh
  3668 | D:6      | Found Ezifik's Antique Weapon Emporium.
  3688 | D:6      | Found a staircase to the Ecumenical Temple.
  3750 | D:6      | Reached *** piety under Nemelex Xobeh
  3801 | D:6      | Reached skill level 7 in Short Blades
  3832 | D:6      | Received a gift from Nemelex Xobeh
  4349 | D:6      | Reached skill level 5 in Invocations
  4373 | D:6      | HP: 3/61 [gnoll/+0 club[a gnoll sergeant] (4)]
  4373 | D:6      | Slain by a water moccasin

Illustrated notes

Levels and vault maps discovered:
D:1:      roderic_crossed_star, layout_basic
D:2:      layout_basic
D:3:      layout_basic
D:4:      minmay_spotlight, layout_basic
D:5:      layout_basic, nicolae_overflows_in_rows, gammafunk_ghost_nasty_kobolds
D:6:      layout_loops_corners, minmay_temple_entry_glass, nicolae_stop_n_shop_1
D:7:      bobbens_index_wilting_gardens, layout_rooms,
          nicolae_yredelemnul_corpse_copse, nicolae_alphabet_shops

Skill      XL: |  1  2  3  4  5  6  7  8 |
---------------+-------------------------+-----
Short Blades   | 3 4 5 6 7 |  7.5
Invocations    | 1 2 3 4 5 |  5.0
Dodging        | 3 |  3.7
Armour         | 1 2 3 |  3.0
Shields        | 2 3 |  3.2
Fighting       | 4 |  4.6
Stealth        | |  0.8

Action                     |  1- 3 |  4- 6 |  7- 9 || total
---------------------------+-------+-------+-------++-------
  Melee: Dagger            |    83 |       |       ||    83
         Short sword       |     1 |       |       ||     1
         Quick blade       |    14 |   154 |   168 ||   336
 Invoke: Draw Destruction  |       |       |     2 ||     2
    Use: Potion            |       |       |     5 ||     5
         Scroll            |       |       |     1 ||     1
 Armour: Robe              |    29 |       |       ||    29
         Leather armour    |    31 |    51 |       ||    82
         Scale mail        |       |     4 |   107 ||   111
  Dodge: Dodged            |    66 |    43 |    59 ||   168
  Block: Buckler           |       |     1 |    15 ||    16

Table legend: (Time is in decaauts)
 A = Elapsed time spent in this place.
 B = Non-inter-level travel time spent in this place.
 C = Inter-level travel time spent in this place.
 D = Time resting spent in this place.
 E = Time spent auto-exploring this place.
 F = Levels seen in this place.
 G = Mean time per level.
                   A        B        C        D        E       F      G
               +--------+--------+--------+--------+--------+-----+--------+
         Total |   4348 |   4130 |    218 |      0 |   3253 |   7 |  621.1 |
       Dungeon |   4348 |   4130 |    218 |      0 |   3253 |   7 |  621.1 |
               +--------+--------+--------+--------+--------+-----+--------+

Top non-repeatable levels by time:
     D:3: 962 daAuts
     D:6: 836 daAuts
     D:1: 684 daAuts
     D:2: 653 daAuts
     D:5: 636 daAuts
     D:4: 566 daAuts
     D:7: 7 daAuts
